 Dungeon Crawl Stone Soup version 0.21.1-1-g345015f (webtiles) character file.

331 suicidejoker the Skirmisher (level 6, -2/66 HPs)
             Began as an Ogre Monk on Mar 9, 2018.
             Was a Believer of Makhleb.
             Slain by a hound (6 damage)
             ... on level 4 of the Dungeon.
             The game lasted 00:09:23 (2939 turns).

suicidejoker the Skirmisher (Ogre Monk)             Turns: 2939, Time: 00:09:23

Health: -2/66      AC:  6    Str: 16    XL:     6   Next: 52%
Magic:  6/6        EV: 11    Int: 11    God:    Makhleb [**....]
Gold:   192        SH:  0    Dex: 13    Spells: 5/5 levels left

rFire    . . .     SeeInvis +   o - +4 mace
rCold    . . .     Gourm    .   (no shield)
rNeg     . . .     Faith    .   b - +0 robe
rPois    .         Spirit   .   (helmet restricted)
rElec    .         Reflect  .   (no cloak)
rCorr    .         Harm     .   (gloves unavailable)
MR       .....                  (boots unavailable)
Stlth    ++........             (no amulet)
HPRegen  0.21/turn              k - +3 ring of protection
MPRegen  0.10/turn              x - ring of see invisible

@: no status effects
A: large, unfitting armour, tough skin 1
a: Minor Destruction, Renounce Religion


You were on level 4 of the Dungeon.
You worshipped Makhleb.
Makhleb was pleased with you.
You were near starving.

You visited 1 branch of the dungeon, and saw 4 of its levels.

You collected 192 gold pieces.

Inventory:

Hand Weapons
 f - a +1 dagger of venom
 j - a +0 hunting sling
 o - a +4 mace (weapon)
 r - a +0 short sword of speed
 s - a +1 spear of venom
 v - a +0 blowgun
Missiles
 e - 18 javelins (quivered)
 l - 129 stones
 m - 48 bolts
 w - 9 poisoned needles
Armour
 b - a +0 robe (worn)
Jewellery
 k - a +3 ring of protection (left hand)
 x - a ring of see invisible (right hand)
Wands
 t - a wand of acid (7)
 y - a wand of polymorph (9)
Scrolls
 d - 4 scrolls of identify {unknown}
 g - a scroll of noise {unknown}
 h - a scroll of immolation {unknown}
 n - a scroll of enchant armour {unknown}
 p - a scroll of amnesia {unknown}
 q - 3 scrolls of teleportation {unknown}
 u - a scroll of remove curse {unknown}
 z - a scroll of blinking {unknown}
Potions
 a - a potion of degeneration {unknown}
 i - a potion of lignification {unknown}
Comestibles
 c - 7 rations


   Skills:
 + Level 5.3 Fighting
 * Level 4.3 Maces & Flails
 + Level 2.3 Throwing
 + Level 3.5 Dodging
 + Level 2.4 Stealth


You had 5 spell levels left.
You didn't know any spells.

Dungeon Overview and Level Annotations

Branches:
Dungeon (4/15)
 Temple: D:4-7

Altars:
Fedhas
Makhleb
Okawaru
Ru


Innate Abilities, Weirdness & Mutations

You are too large for most types of armour.
You have tough skin. (AC +1)


Message History

The gnoll misses you. The hound closely misses you.
The gnoll barely misses you.
The orange demon stings you but does no damage.
The hound bites you but does no damage. The hound bites you but does no damage.
A hound comes into view.
The hound closely misses you.
The hound bites the plant.
The gnoll barely misses you. The hound bites you but does no damage.
The orange demon stings you from afar!
* * * LOW HITPOINT WARNING * * *
The hound barks!
The hound bites you.
* * * LOW HITPOINT WARNING * * *
The orange demon completely misses you.
You hit the hound.
The hound is lightly wounded.
The hound closely misses you. x2; The gnoll hits you with a flail!
* * * LOW HITPOINT WARNING * * *
The hound misses you. The hound bites you.
You die...

#.......#.....'.........
## #.....#########...##...
#..#.....##....###...##...
#....................##...
#....................##...
'.....†(.........>........
#......4.g.......#...#....
#.......ghg....###...###..
#.......Z@...### ##+#..###
###...PPPh#..# .## #
#..PPP.P#..# # #
....P._PP...#
......P.P...# ....PPP.....
............. ............


You could see an orange demon, 2 hounds, 3 gnolls and a howler monkey skeleton.

Vanquished Creatures
  A scorpion (D:4)
  A howler monkey (D:4)
  A hound (D:2)
  A centaur skeleton (D:4)
  An iguana (D:2)
  Jessica (D:2)
  A worker ant (D:3)
  2 oozes
  An adder skeleton (D:4)
  4 worms
  3 dart slugs
  A leopard gecko (D:2)
  An orc (D:3)
  5 bats
  5 giant cockroaches
  6 goblins
  8 hobgoblins
  7 jackals
  10 kobolds
  2 quokkas
  7 frilled lizards
  10 rats
79 creatures vanquished.

Notes
Turn   | Place    | Note
-------+----------+-------------------------------------------
     0 | D:1      | suicidejoker the Ogre Monk began the quest for the Orb.
     0 | D:1      | Reached XP level 1. HP: 24/24 MP: 1/1
   344 | D:1      | Reached XP level 2. HP: 31/32 MP: 2/2
   909 | D:1      | Reached XP level 3. HP: 39/39 MP: 3/3
  1220 | D:2      | Reached skill level 1 in Throwing
  1408 | D:2      | Found an iron altar of Okawaru.
  1438 | D:2      | Reached XP level 4. HP: 37/49 MP: 4/4
  1509 | D:2      | Found a burning altar of Makhleb.
  1526 | D:2      | Became a worshipper of Makhleb the Destroyer
  1526 | D:2      | Reached * piety under Makhleb
  1526 | D:2      | Reached ** piety under Makhleb
  1741 | D:2      | Reached XP level 5. HP: 55/55 MP: 5/5
  1785 | D:2      | Noticed Jessica
  1787 | D:2      | Killed Jessica
  2344 | D:3      | Reached skill level 5 in Fighting
  2601 | D:3      | Found a sacrificial altar of Ru.
  2840 | D:4      | Reached XP level 6. HP: 62/66 MP: 6/6
  2905 | D:4      | Found a blossoming altar of Fedhas.
  2912 | D:4      | Reached *** piety under Makhleb
  2932 | D:4      | Noticed an orange demon
  2939 | D:4      | Slain by a hound

Skill      XL: |  1  2  3  4  5 |
---------------+----------------+-----
Maces & Flails | 3 4 |  4.3
Throwing       | 1 2 |  2.3
Dodging        | 3 |  3.5
Stealth        | 2 |  2.4
Fighting       | 5 |  5.3

Action                   |  1- 3 |  4- 6 || total
-------------------------+-------+-------++-------
Melee: Mace              |   101 |   128 ||   229
       Dagger            |     4 |       ||     4
Throw: Javelin           |    14 |       ||    14
Invok: Lesser Servant of |       |     1 ||     1
 Stab: Sleeping          |     1 |    10 ||    11
  Eat: Chunk             |     2 |     3 ||     5
Armor: Robe              |    67 |    56 ||   123
Dodge: Dodged            |    94 |    95 ||   189
